 Dungeon Crawl Stone Soup version 0.23-a0-375-g66a18ee (webtiles) character file.

6912 BingusPrime the Quickloader (level 10, -1/94 HPs)
             Began as a Deep Dwarf Hunter on Oct 26, 2018.
             Was a Believer of Makhleb.
             Killed from afar by an orc sorcerer (25 damage)
             ... with a bolt of negative energy
             ... on level 9 of the Dungeon.
             The game lasted 00:49:01 (8587 turns).

BingusPrime the Quickloader (Deep Dwarf Hunter)     Turns: 8587, Time: 00:49:02

Health: -1/94      AC:  9    Str: 15    XL:     10   Next: 79%
Magic:  1/1        EV: 14    Int: 13    God:    Makhleb [**....]
Gold:   570        SH:  4    Dex: 16    Spells: 9/9 levels left

rFire    + . .     SeeInvis .   O - +3 halberd (freeze)
rCold    . . .     Gourm    .   (shield currently unavailable)
rNeg     . . .     Faith    .   T - +2 ring mail {rC+}
rPois    .         Spirit   .   (no helmet)
rElec    .         Reflect  +   (no cloak)
rCorr    +         Harm     .   q - +0 pair of gloves
MR       +....                  (no boots)
Stlth    +.........             E - +4 amulet of reflection
HPRegen  0.00/turn              o - ring of resist corrosion
MPRegen  0.07/turn              L - ring of fire

@: non-regenerating, drained
A: damage resistance, heal wounds, sense surroundings 2, no regeneration
a: Heal Wounds, Minor Destruction, Renounce Religion


You were on level 9 of the Dungeon.
You worshipped Makhleb.
Makhleb was pleased with you.
You were not hungry.

You visited 2 branches of the dungeon, and saw 11 of its levels.

You collected 603 gold pieces.
You spent 33 gold pieces at shops.

Inventory:

Hand Weapons
 a - a +1 hand crossbow
 b - a +0 short sword
 g - a +0 short sword of draining
 h - a +1 dagger of draining
 J - a +0 arbalest
 O - a +3 halberd of freezing (weapon)
Missiles
 d - 66 bolts
 M - 5 throwing nets (quivered)
Armour
 q - a +0 pair of gloves (worn)
 u - a +0 ring mail
 T - a +2 ring mail of cold resistance (worn)
Jewellery
 o - a ring of resist corrosion (left hand)
 v - an uncursed amulet of harm
 E - a +4 amulet of reflection (around neck)
 G - an uncursed amulet of the acrobat
 L - a ring of fire (right hand)
 Q - an uncursed ring of protection from cold
 R - an uncursed ring of wizardry
Wands
 x - a wand of digging (31)
 y - a wand of polymorph (19)
 K - a wand of flame (23)
 P - a wand of acid (13)
 S - a wand of paralysis (18)
Scrolls
 j - 2 scrolls of magic mapping {unknown}
 k - 5 scrolls of fog
 l - 4 scrolls of remove curse
 m - 3 scrolls of immolation {unknown}
 p - a scroll of blinking {unknown}
 r - 2 scrolls of enchant armour {unknown}
 s - 7 scrolls of teleportation
 F - 4 scrolls of fear {unknown}
 N - a scroll of amnesia {unknown}
 U - 2 scrolls of identify
 V - a scroll of random uselessness {unknown}
Potions
 c - a potion of degeneration
 e - 3 potions of lignification
 i - 2 potions of mutation {unknown}
 n - 3 potions of heal wounds
 t - 4 potions of brilliance
 w - a potion of flight {unknown}
 z - 2 potions of curing
 A - a potion of ambrosia {unknown}
 B - 3 potions of resistance
 C - a potion of magic {unknown}
 D - a potion of berserk rage {unknown}
 H - 3 potions of haste
 I - 2 potions of might {unknown}
Comestibles
 f - 16 rations


   Skills:
 + Level 7.2(5.9) Fighting
 + Level 4.4(3.2) Short Blades
 + Level 4.5(3.4) Polearms
 + Level 11.1(9.7) Crossbows
 + Level 6.7(5.5) Armour
 + Level 6.6(5.4) Dodging
 + Level 3.1(2.0) Stealth


You had 9 spell levels left.
You didn't know any spells.
Your spell library contained the following spells:

 Spells                   Type           Power        Failure   Level  Hunger
 Animate Skeleton         Necr           N/A          50%         1    ##.....
 Apportation              Tloc           #.....       50%         1    ##.....
 Confusing Touch          Hex            #.....       50%         1    ##.....
 Summon Small Mammal      Summ           #...         50%         1    ##.....
 Confuse                  Hex            #.......     86%         3    ####...
 Gell's Gravitas          Tloc           #.........   86%         3    ####...
 Petrify                  Tmut/Erth      #.......     99%         4    #####..
 Metabolic Englaciation   Hex/Ice        #.........   100%        5    ######.
 Yara's Violent Unravell  Hex/Tmut       #.........   100%        5    ######.


Dungeon Overview and Level Annotations

Branches:
Dungeon (10/15)            Temple (0/1) D:6            Lair (0/6) D:10
    Orc (1/2) D:9

Altars:
Cheibriados
Dithmenos
Makhleb
Nemelex Xobeh
Ru
Sif Muna
Xom

Shops:
D:9 (


Innate Abilities, Weirdness & Mutations

You are resistant to damage.
You can heal yourself by infusing magical energy.
You passively map the area around you.
You do not regenerate.


Message History

You hit the orc sorcerer. You freeze the orc sorcerer.
The orc sorcerer is lightly wounded.
You block the orc wizard's attack.
The orc sorcerer hits you but does no damage.
The orc wizard casts a spell at you. The puff of flame misses you.
You closely miss the orc sorcerer.
The orc sorcerer is lightly wounded.
The orc sorcerer hits you but does no damage.
The orc wizard hits you but does no damage.
You hit the orc sorcerer but do no damage.
The orc sorcerer is lightly wounded.
The orc wizard barely misses you.
The orc sorcerer gestures at you while chanting.
The bolt of negative energy hits you!
You feel drained.
* * * LOW HITPOINT WARNING * * *
The orc wizard barely misses you.
The orc sorcerer points at you and mumbles some strange words.
The bolt of negative energy hits you!
You feel drained.
You die...

#######..........................
#..........................
#.......).............#####
#######.....................#....
............................#.≈.≈
....................#######.'..∩.
..............[...>.# ###.≈.≈
...............))...# #....
................@o..#############
...............o.)......>........
.............<...................
.................................
........#########................
[.......# #...............<
........# #................
........# #................
........#########................


You could see an orc sorcerer and an orc wizard.

Vanquished Creatures
  Erolcha (D:9)
  Harold (D:8)
  Joseph (D:8)
  Psyche (D:9)
  A hornet (D:10)
  Prince Ribbit (D:9)
  5 yaks
  A wyvern (D:8)
  Grum (D:8)
  A water moccasin (D:6)
  A black bear (D:6)
  6 ogres
  An ice beast (D:8)
  2 phantoms (D:8)
  2 wolves (D:8)
  3 centaurs
  A big kobold (D:7)
  4 bullfrogs
  A water moccasin zombie (D:5)
  3 scorpions
  A water moccasin skeleton (D:8)
  5 wights
  An electric eel (D:7)
  4 howler monkeys
  A centaur zombie (D:9)
  2 quasits (D:9)
  A bullfrog zombie (D:7)
  4 hounds
  2 jellies
  3 orc priests
  2 hell rats (D:7)
  2 iguanas
  7 orc wizards
  6 worker ants
  2 hound zombies
  13 adders
  6 river rats (D:7)
  2 shadow imps (D:7)
  An ooze (D:2)
  2 adder zombies
  2 adder skeletons
  8 worms
  3 dart slugs
  4 leopard geckos
  19 orcs
  A giant cockroach (D:5)
  5 goblins
  8 hobgoblins
  10 jackals
  6 quokkas
  10 bats
  5 frilled lizards
  8 kobolds
  19 rats
213 creatures vanquished.

Vanquished Creatures (others)
  An orc priest (D:10)
  An orc wizard (D:10)
  An orc (D:10)
3 creatures vanquished.

Grand Total: 216 creatures vanquished

Notes
Turn   | Place    | Note
-------+----------+-------------------------------------------
     0 | D:1      | BingusPrime the Deep Dwarf Hunter began the quest for the
                  | Orb.
     0 | D:1      | Reached XP level 1. HP: 19/19 MP: 1/1
    86 | D:1      | Reached XP level 2. HP: 26/26 MP: 2/2
   159 | D:1      | Reached skill level 5 in Crossbows
   548 | D:2      | Found a blossoming altar of Fedhas.
   552 | D:2      | Found an opulent altar of Gozag.
   552 | D:2      | Found a white marble altar of Elyvilon.
   556 | D:2      | Found a shimmering altar of Xom.
   556 | D:2      | Found a bloodstained altar of Trog.
   556 | D:2      | Found a basalt altar of Yredelemnul.
   641 | D:2      | Reached XP level 3. HP: 32/32 MP: 3/3
  1583 | D:2      | Reached XP level 4. HP: 18/39 MP: 4/4
  2035 | D:2      | Found a deep blue altar of Sif Muna.
  2675 | D:3      | Reached skill level 1 in Armour
  2820 | D:3      | Reached skill level 6 in Crossbows
  2932 | D:4      | Reached XP level 5. HP: 30/46 MP: 5/5
  3194 | D:4      | Found a shadowy altar of Dithmenos.
  3212 | D:4      | Reached skill level 1 in Short Blades
  3383 | D:4      | Reached XP level 6. HP: 36/55 MP: 6/6
  3492 | D:5      | Entered Level 5 of the Dungeon
  3507 | D:4      | Reached skill level 7 in Crossbows
  3717 | D:5      | Reached XP level 7. HP: 28/62 MP: 7/7
  3954 | D:5      | Reached skill level 8 in Crossbows
  4052 | D:5      | Found a sacrificial altar of Ru.
  4466 | D:6      | Reached XP level 8. HP: 47/72 MP: 7/7
  4795 | D:6      | Found a sparkling altar of Nemelex Xobeh.
  4795 | D:6      | Found a burning altar of Makhleb.
  4803 | D:6      | Became a worshipper of Makhleb the Destroyer
  4928 | D:6      | Reached skill level 9 in Crossbows
  5042 | D:6      | Found a staircase to the Ecumenical Temple.
  5427 | D:7      | Found a snail-covered altar of Cheibriados.
  5670 | D:7      | Reached * piety under Makhleb
  5719 | D:7      | Gained mutation: You passively map the area around you.
                  | [Deep Dwarf growth]
  5719 | D:7      | Reached XP level 9. HP: 18/80 MP: 8/8
  5759 | D:7      | Reached skill level 5 in Fighting
  6021 | D:7      | Reached skill level 5 in Armour
  6479 | D:8      | Noticed Grum
  6495 | D:8      | Reached skill level 10 in Crossbows
  6497 | D:8      | HP: 4/81 [Grum/+0 glaive (11)]
  6515 | D:8      | Killed Grum
  6554 | D:8      | Reached ** piety under Makhleb
  6662 | D:8      | Reached skill level 5 in Dodging
  6739 | D:8      | Noticed Harold
  6757 | D:8      | Killed Harold
  6757 | D:8      | Reached skill level 1 in Polearms
  7038 | D:8      | Noticed Joseph
  7050 | D:8      | HP: 2/82 [Joseph/sling bullet (22)]
  7072 | D:8      | Killed Joseph
  7072 | D:8      | Reached XP level 10. HP: 31/91 MP: 4/4
  7247 | D:9      | Found a staircase to the Orcish Mines.
  7651 | D:9      | Noticed Prince Ribbit
  7654 | D:9      | Killed Prince Ribbit
  7799 | D:9      | Noticed Erolcha
  7801 | D:9      | Noticed Psyche
  7803 | D:9      | Killed Erolcha
  7825 | D:9      | Killed Psyche
  8027 | D:9      | Found Siseih's Weapon Emporium.
  8032 | D:9      | Bought 14 bolts for 33 gold pieces
  8286 | D:10     | Entered Level 10 of the Dungeon
  8350 | D:10     | Paralysed by a hornet for 1 turns
  8352 | D:10     | Reached skill level 11 in Crossbows
  8406 | D:10     | Found a staircase to the Lair.
  8406 | D:10     | Noticed a cyclops
  8494 | Orc:1    | Entered Level 1 of the Orcish Mines
  8539 | Orc:1    | Noticed an orc sorcerer
  8541 | Orc:1    | Paralysed by an orc sorcerer for 2 turns
  8575 | Orc:1    | Noticed a sun demon
  8581 | D:9      | Paralysed by an orc sorcerer for 2 turns
  8587 | D:9      | Killed from afar by an orc sorcerer

Vault maps used:
D:1:      matt_arrival_refuge
D:2:      marbit_many_paths, doesnt_xom_only_xom, hangedman_decor_slide_cut,
          minmay_close_crescents
D:3:      minmay_misc_feat_plants
D:4:      cheibrodos_old_hovel, nicolae_dithmenos_shadow_blocks
D:5:      nicolae_ru_sacrificial_ziggurat, first_ration
D:6:      gammafunk_temple_overflow_elements, temple_statues,
          minmay_misc_feat_tower
D:7:      lemuel_ratsnest, old_standard_altar, grunt_ogre_cave, minivault_14,
          grunt_decor_one_mirror
D:8:      uniq_joseph, uniq_harold, uniq_grum
D:9:      orc_0_dummy, serial_shops, kennysheep_little_box,
          kennysheep_generic_room_5, uniq_psyche, uniq_erolcha,
          uniq_prince_ribbit1
D:10:     lair_entry_dummy, hangedman_tree_tricks, nicolae_blasting_shop

Skill      XL: |  1  2  3  4  5  6  7  8  9 10 |
---------------+-------------------------------+-----
Crossbows      | 5 6 7 8 9 10 11 | 11.1
Fighting       | 2 3 4 6 7 |  7.2
Armour         | 1 2 3 4 6 |  6.7
Short Blades   | 1 2 4 |  4.4
Stealth        | 2 3 |  3.1
Dodging        | 3 4 5 6 |  6.6
Polearms       | 2 4 |  4.5

Action                   |  1- 3 |  4- 6 |  7- 9 | 10-12 || total
-------------------------+-------+-------+-------+-------++-------
Melee: Short sword       |    29 |    56 |    16 |       ||   101
       Dagger            |       |       |   352 |       ||   352
       Halberd           |       |       |    35 |    31 ||    66
 Fire: Hand crossbow     |    74 |   117 |   241 |    33 ||   465
       Arbalest          |       |       |       |    71 ||    71
 Abil: Heal Wounds       |       |     4 |    16 |     7 ||    27
  Use: Scroll            |       |     8 |     8 |     2 ||    18
       Potion            |       |       |     3 |       ||     3
  Eat: Chunk             |     1 |     5 |    10 |     3 ||    19
       Ration            |       |     1 |       |     1 ||     2
Armor: Leather armour    |    18 |     7 |       |       ||    25
       Ring mail         |       |    30 |    98 |    55 ||   183
       Skin              |       |       |    89 |       ||    89
Dodge: Dodged            |    33 |    58 |   209 |   105 ||   405
Block: Other             |       |     6 |    78 |    14 ||    98
       Reflection        |       |       |     1 |       ||     1

Table legend:
 A = Non-vault XP
 B = Vault XP
 C = Vault XP percentage of total XP
 D = Non-vault monster count
 E = Vault monster count
 F = Vault count percentage of total count
                 A         B        C        D         E       F
            +---------+---------+-------+---------+---------+-------
      Total |    5592 |    4283 |  43.4 |     166 |      47 |  22.1
            +---------+---------+-------+---------+---------+-------
        D:1 |      29 |       0 |   0.0 |      17 |       0 |   0.0
        D:2 |      85 |      12 |  12.4 |      23 |       6 |  20.7
        D:3 |      81 |       0 |   0.0 |      21 |       0 |   0.0
        D:4 |     312 |      34 |   9.8 |      13 |       1 |   7.1
        D:5 |     670 |       0 |   0.0 |      25 |       0 |   0.0
        D:6 |     813 |       0 |   0.0 |      15 |       0 |   0.0
        D:7 |     493 |     596 |  54.7 |      17 |      30 |  63.8
        D:8 |    1715 |    1869 |  52.1 |      17 |       5 |  22.7
        D:9 |     946 |    1772 |  65.2 |      14 |       5 |  26.3
       D:10 |     413 |       0 |   0.0 |       3 |       0 |   0.0
      Orc:1 |      35 |       0 |   0.0 |       1 |       0 |   0.0
            +---------+---------+-------+---------+---------+-------
